 Dungeon Crawl Stone Soup version 0.28-a0-1505-g8c907de6ad (webtiles) character file.

Game seed: 7582651938301593221

156 tilp the Chiller (level 5, 21/21 HPs)
             Began as a Felid Ice Elementalist on Jan 13, 2022.
             Was an Initiate of Vehumet.
             Quit the game on level 5 of the Dungeon.
             The game lasted 00:06:30 (5344 turns).

tilp the Chiller (Felid Ice Elementalist)           Turns: 5344, Time: 00:06:31

Health: 21/21      AC:  2    Str:  4    XL:     5   Next: 15%
Magic:  10/10      EV: 17    Int: 19    God:    Vehumet [......]
Gold:   222        SH:  0    Dex: 16    Spells: 3/10 levels left
                                        Lives:  0   Deaths: 1

rFire   . . .      SeeInvis +   (weapon unavailable)
rCold   . . .      Faith    .   (shield unavailable)
rNeg    . . .      Spirit   .   (armour unavailable)
rPois   .          Reflect  .   (helmet unavailable)
rElec   .          Harm     .   (cloak unavailable)
rCorr   .          Rampage  .   (gloves unavailable)
Will    .....                   (boots unavailable)
Stlth   ++........              (no amulet)
HPRegen 0.07/turn               (no ring)
MPRegen 0.12/turn               (no ring)

@: quick
A: very small, claws 1, fangs 3, see invisible, speed 1, shaggy fur 2, stealthy
paws, no weapons or thrown items, no armour, multi-lived
a: Renounce Religion


You were on level 5 of the Dungeon.
You worshipped Vehumet.
Vehumet was noncommittal.
You visited 2 branches of the dungeon, and saw 6 of its levels.

You collected 222 gold pieces.

Inventory:

Jewellery
 e - an amulet of guardian spirit
Scrolls
 f - a scroll of blinking
 o - a scroll of immolation
Potions
 a - a potion of might {unknown}
 b - 3 potions of berserk rage {unknown}
 c - a potion of ambrosia {unknown}
 d - a potion of heal wounds {unknown}
 g - a potion of cancellation {unknown}
 h - a potion of curing {unknown}
 i - a potion of lignification {unknown}
 j - 2 potions of attraction {unknown}
 k - a potion of resistance {unknown}


   Skills:
 + Level 0.8 Fighting
 + Level 3.1 Dodging
 + Level 3.2 Stealth
 + Level 0.9 Unarmed Combat
 - Level 3.0 Spellcasting
 - Level 6.0 Ice Magic


You had 3 spell levels left.
You knew the following spells:

 Your Spells              Type           Power      Damage    Failure   Level
a - Freeze                Ice            100%       1d11      1%          1
b - Frozen Ramparts       Ice            50%        1d7       3%          3
c - Ozocubu's Armour      Ice            25%        N/A       3%          3

Your spell library contained the following spells:

 Spells                   Type           Power      Damage    Failure   Level
 Hailstorm                Conj/Ice       14%        3d5       41%         4
 Borgnjor's Revivificati  Necr           1%         N/A       100%        8
 Necromutation            Tmut/Necr      1%         N/A       100%        8
 Death's Door             Necr           1%         N/A       100%        9


Dungeon Overview and Level Annotations

Branches:
Dungeon (5/15)             Temple (1/1) D:5

Altars:
Ashenzari
Cheibriados
Dithmenos
Elyvilon
Gozag
Hepliaklqana
Kikubaaqudgha
Makhleb
Nemelex Xobeh
Qazlal
Ru
Sif Muna
Trog
Uskayaw
Vehumet
Yredelemnul
Zin
The Shining One

Shops:
D:2 (   D:4 (

Annotations:
D:4 exclusion: phantom


Innate Abilities, Weirdness & Mutations

You have sharp claws.
You have razor-sharp teeth.
You have supernaturally acute eyesight. (SInv)
You cover ground quickly. (Speed+)
You are covered in thick fur. (AC +2)
Your paws help you pounce on unaware monsters.
You are incapable of wielding weapons or throwing items.
You cannot wear armour.
You gain extra lives every three experience levels.


Message History

The white imp barely misses you.
You closely miss the white imp.
The white imp is heavily wounded.
The white imp closely misses you.
You scratch the white imp but do no damage.
The white imp is heavily wounded.
You scratch the white imp but do no damage.
The white imp is heavily wounded.
The white imp closely misses you.
You barely miss the white imp.
The white imp is heavily wounded.
The white imp misses you.
You barely miss the white imp.
The white imp is heavily wounded.
The white imp gestures at you. The puff of frost hits you.
You scratch the white imp but do no damage.
The white imp is heavily wounded.
The white imp misses you.
You scratch the white imp but do no damage.
The white imp is heavily wounded.
The white imp hits you but does no damage.
You scratch the white imp but do no damage.
The white imp is heavily wounded.
The white imp gestures at you. The puff of frost hits you!
You scratch the white imp but do no damage.
The white imp is heavily wounded.
The white imp misses you.
You barely miss the white imp. Your claw misses the white imp.
Your bite misses the white imp.
The white imp is heavily wounded.
The white imp gestures at you. The puff of frost hits you!
You die...
You are now level 5!
You rejoin the land of the living...
Found a scroll labelled IMUQORR FAUFUCH.
Unknown command.
Are you sure you want to abandon this character and quit the game? (Confirm with "yes".)

#..# #..#
#..# #..#
#..#
#######..#
........?#
#@#
#.....#
#######


There were no monsters in sight!

Vanquished Creatures
  3 orc priests (D:3)
  2 jellies (D:4)
  4 adders
  A howler monkey skeleton (D:4)
  An ufetubus (D:4)
  A worm (D:4)
  A dart slug (D:4)
  7 orcs (D:3)
  7 bats
  6 endoplasms
  4 giant cockroaches (D:2)
  9 goblins
  3 hobgoblins
  4 jackals (D:3)
  5 kobolds
  2 quokkas (D:1)
  7 ball pythons
  A frilled lizard (D:2)
  9 rats
77 creatures vanquished.

Notes
Turn   | Place    | Note
-------+----------+-------------------------------------------
     0 | D:1      | tilp the Felid Ice Elementalist began the quest for the
                  | Orb.
     0 | D:1      | Reached XP level 1. HP: 7/7 MP: 4/4
    74 | D:1      | Found a faded altar of an unknown god.
   247 | D:1      | Reached XP level 2. HP: 11/11 MP: 6/6
   324 | D:1      | Reached skill level 4 in Ice Magic
  1158 | D:2      | Found a white marble altar of Elyvilon.
  1177 | D:2      | Became a worshipper of Elyvilon the Healer
  1208 | D:2      | Found Pur Zeor's Weapon Emporium.
  1216 | D:2      | Reached XP level 3. HP: 7/14 MP: 4/7
  1221 | D:2      | Learned a level 3 spell: Frozen Ramparts
  1900 | D:2      | Identified the +4 dagger of Mayhem {vorpal, rPois rN+
                  | Will+}
  2194 | D:2      | Reached * piety under Elyvilon
  2737 | D:3      | Reached XP level 4. HP: 12/18 MP: 5/9
  2741 | D:3      | Reached skill level 5 in Ice Magic
  3413 | D:3      | Reached ** piety under Elyvilon
  3421 | D:3      | Reached XP level 5. HP: 21/21 MP: 5/10
  3628 | D:3      | Learned a level 3 spell: Ozocubu's Armour
  4424 | D:4      | Found Humuex's Weapon Shop.
  4479 | D:4      | Reached skill level 6 in Ice Magic
  4576 | D:4      | Noticed a phantom
  4662 | D:4      | Reached *** piety under Elyvilon
  4998 | D:4      | Gained mutation: You are covered in thick fur. (AC +2)
                  | [Felid growth]
  4998 | D:4      | Reached XP level 6. HP: 15/25 MP: 4/11
  5158 | D:5      | Entered Level 5 of the Dungeon
  5174 | D:5      | Found a staircase to the Ecumenical Temple.
  5180 | Temple   | Entered the Ecumenical Temple
  5288 | Temple   | Fell from the grace of Elyvilon
  5288 | Temple   | Became a worshipper of Vehumet
  5343 | D:5      | Killed from afar by a white imp
  5344 | D:5      | Reached XP level 5. HP: 0/21 MP: 10/10
  5344 | D:5      | Quit the game

Illustrated notes

Levels and vault maps discovered:
D:1:      minmay_arrival_diagonal_passages, layout_loops_ring,
          chequers_ecumenical_altar_island, corner_web_ring, minmay_bisected
D:2:      layout_rooms, basic_altar, serial_shops, shop_statue
D:3:      layout_loops_corners
D:4:      layout_gridville, serial_shops, nicolae_inconvenience_store,
          minivault_26
D:5:      lemuel_ice_spiral_2, layout_basic, minmay_temple_entry_wispy
Temple:   mainiacjoe_temple_coin_purse

Skill      XL: |  1  2  3  4  5 |
---------------+----------------+-----
Ice Magic      | 4 5 6 |  6.0
Spellcasting   | 3 |  3.0
Dodging        | 3 |  3.1
Stealth        | 3 |  3.2
Fighting       | |  0.8
Unarmed Combat | |  0.9

Action                   |  1- 3 |  4- 6 || total
-------------------------+-------+-------++-------
Melee: Unarmed           |    33 |    45 ||    78
       Bite              |     3 |     5 ||     8
       Punch             |     1 |       ||     1
 Cast: Freeze            |    45 |    25 ||    70
       Frozen Ramparts   |     3 |     8 ||    11
       Ozocubu's Armour  |       |     3 ||     3
  Use: Scroll            |     3 |     4 ||     7
 Stab: Sleeping          |    10 |     6 ||    16
Armor: Skin              |     5 |     6 ||    11
Dodge: Dodged            |    62 |    37 ||    99

Table legend: (Time is in decaauts)
 A = Elapsed time spent in this place.
 B = Non-inter-level travel time spent in this place.
 C = Inter-level travel time spent in this place.
 D = Time resting spent in this place.
 E = Time spent auto-exploring this place.
 F = Levels seen in this place.
 G = Mean time per level.
                   A        B        C        D        E       F      G
               +--------+--------+--------+--------+--------+-----+--------+
         Total |   4786 |   4665 |    121 |   1062 |   3089 |   6 |  797.7 |
       Dungeon |   4691 |   4587 |    104 |   1062 |   3025 |   5 |  938.2 |
        Temple |     94 |     77 |     17 |      0 |     64 |   1 |   94.0 |
               +--------+--------+--------+--------+--------+-----+--------+

Top non-repeatable levels by time:
     D:3: 1630 daAuts
     D:2: 1075 daAuts
     D:1: 973 daAuts
     D:4: 953 daAuts
  Temple: 94 daAuts
     D:5: 59 daAuts
